 Dungeon Crawl Stone Soup version 0.32-a0-779-g362cfcae2a (webtiles) character file.

Game seed: 9242801602979136914

204 PriceMaster the Magician (level 5, -1/28 HPs)
             Began as a Deep Elf Air Elementalist on Mar 20, 2024.
             Was an Initiate of Beogh.
             Succumbed to an orc wizard's poison
             ... on level 4 of the Dungeon.
             The game lasted 00:05:01 (3450 turns).

PriceMaster the Magician (DEAE)                     Turns: 3450, Time: 00:05:01

Health: -1/28      AC:  6    Str:  5    XL:     5   Next: 52%
Magic:  10/14      EV: 11    Int: 22    God:    Beogh [......]
Gold:   190        SH:  5    Dex: 15    Spells: 4/14 levels left

rFire   . . .        f - +0 whip
rCold   . . .        (no shield)
rNeg    . . .        a - +0 robe
rPois   .            (no helmet)
rElec   .            (no cloak)
rCorr   .            (no gloves)
SInv    .            (no boots)
Will    .....        e - amulet of reflection
Stlth   ++           d - +4 ring of protection
HPRegen 0.24/turn    (no ring)
MPRegen 0.14/turn

%: reflection
@: lethally poisoned (-1 -> -19), swift, attractive, very slightly contaminated,
quick
A: no striking features
a: Renounce Religion


You were on level 4 of the Dungeon.
You worshipped Beogh.
Beogh was noncommittal.
You visited 1 branch of the dungeon, and saw 4 of its levels.

You collected 190 gold pieces.

Inventory:

Hand Weapons
 f - a +0 whip (weapon)
Armour
 a - a +0 robe (worn)
Jewellery
 d - a +4 ring of protection (left hand)
 e - an amulet of reflection (around neck)
 k - an amulet of guardian spirit
Scrolls
 h - a scroll of revelation
 n - 2 scrolls of identify {unknown}
Potions
 c - a potion of ambrosia {unknown}
 g - a potion of might {unknown}
 i - a potion of curing {unknown}
 j - a potion of attraction
 l - a potion of degeneration {unknown}
 m - 2 potions of haste {unknown}


   Skills:
 + Level 2.6 Dodging
 + Level 2.8 Stealth
 + Level 0.2 Shields
 * Level 5.2 Spellcasting
 + Level 2.3 Conjurations
 * Level 5.1 Air Magic


You had 4 spell levels left.
You knew the following spells:

 Your Spells              Type           Power      Damage    Failure   Level
a - Shock                 Conj/Air       88%        1d8       2%          1
b - Swiftness             Air            28%        N/A       3%          3
c - Static Discharge      Conj/Air       44%        3-5/arc   3%          2
d - Airstrike             Air            14%        2d(2-18)  12%         4

Your spell library contained the following spells:

 Spells                   Type           Power      Damage    Failure   Level
 Mercury Vapours          Alch/Air       34%        N/A       5%          2
 Freeze                   Ice            20%        1d4       10%         1
 Mephitic Cloud           Conj/Alch/Air  16%        N/A       11%         3
 Ensorcelled Hibernation  Hex/Ice        10%        N/A       16%         2
 Scorch                   Fire           10%        2d5       16%         2
 Hailstorm                Conj/Ice       10%        3d6       19%         3
 Frozen Ramparts          Ice            10%        1d2       30%         3
 Fugue of the Fallen      Necr           5%         N/A       30%         3
 Passwall                 Erth           5%         N/A       30%         3
 Flame Wave               Conj/Fire      10%        2d6       52%         4
 Anguish                  Hex/Necr       2%         N/A       69%         4
 Freezing Cloud           Conj/Ice/Air   8%         6-21      69%         5
 Summon Cactus Giant      Summ           2%         N/A       100%        6


Dungeon Overview and Level Annotations

Branches:
Dungeon (4/15)
 Temple: D:4-7

Altars:
Cheibriados
Hepliaklqana


Message History

The zap hits the orc priest.
The orc priest is severely wounded.
The orc wizard hits you but does no damage.
You are poisoned.
The orc priest hits you from afar with a +0 trident.
You feel sick. The orc attacks as it pursues you! The orc closely misses you.
Unknown command.
You feel sick. The iguana attacks as it pursues you! The iguana bites you.
The orc wizard attacks as it pursues you!
The orc wizard hits you with a +2 dagger of venom.
You are more poisoned.
You feel sick. The iguana attacks as it pursues you!
The iguana barely misses you.
You feel very sick.
The orc wizard attacks as it pursues you!
The orc wizard hits you but does no damage.
You are lethally poisoned!
Magic courses through your body.
You feel very sick.
Casting: Shock (safe; 2% risk of failure)
Confirm with . or Enter, or press ? or * to list all spells.
You feel quick.
* * * LOW HITPOINT WARNING * * *
You feel very sick. The orc barely misses you.
The orc wizard barely misses you. The iguana barely misses you.
The adder bites you but does no damage.
Casting: Swiftness (dangerous; 3% risk of failure)
Confirm with . or Enter, or press ? or * to list all spells.
You miscast Static Discharge.
You are very lightly contaminated with residual magic.
Nothing appears to happen.
* * * LOW HITPOINT WARNING * * *
You feel sick.
The iguana bites you but does no damage.
The orc wizard hits you but does no damage.
You are more poisoned.
You block the orc's attack. The adder completely misses you.
It was a potion of attraction.
You feel attractive to monsters.
You die...

#......#
#.....########......##
#.....#........)......
#.....#...####......##
#.....#........<......
#.....#...####......##
#..<..#...# #......#
#.........######.####
####>@......... ..
#Slo######.. ...
#.oo## ... #.#..# ....
#.#..# #.##..# #. #..#
#. ...†. #. ......


You could see an iguana, an orc priest, an orc wizard, an adder and an orc.

Vanquished Creatures
  A bombardier beetle (D:3)
  An orc priest (D:3)
  An orc wizard (D:3)
  A gnoll (D:1)
  4 adders
  3 dart slugs
  7 orcs
  5 bats
  4 endoplasms
  4 giant cockroaches
  5 goblins
  8 hobgoblins
  2 quokkas (D:1)
  4 ball pythons
  A frilled lizard (D:3)
  4 kobolds
  9 rats
64 creatures vanquished.

Notes
Turn   | Place    | Note
-------+----------+-------------------------------------------
     0 | D:1      | PriceMaster the Deep Elf Air Elementalist began the quest
                  | for the Orb.
     0 | D:1      | Reached XP level 1. HP: 10/10 MP: 6/6
   284 | D:1      | Reached XP level 2. HP: 15/15 MP: 5/8
   599 | D:1      | Reached XP level 3. HP: 19/19 MP: 5/10
   603 | D:1      | Learned a level 3 spell: Swiftness
   606 | D:1      | Learned a level 2 spell: Static Discharge
  1762 | D:2      | Found a snail-covered altar of Cheibriados.
  1995 | D:2      | Reached XP level 4. HP: 24/24 MP: 7/12
  2922 | D:3      | Reached XP level 5. HP: 28/28 MP: 0/14
  3014 | D:3      | Became a worshipper of Beogh the Shepherd
  3025 | D:3      | Reached skill level 5 in Air Magic
  3039 | D:3      | Reached skill level 5 in Spellcasting
  3202 | D:3      | Found a hazy altar of Hepliaklqana.
  3292 | D:3      | Identified the +8 scimitar of Hubris {holy, Int+3}
  3298 | D:3      | Learned a level 4 spell: Airstrike
  3450 | D:4      | Succumbed to an orc wizard's poison

Illustrated notes

Levels and vault maps discovered:
D:1:      dpeg_arrival_round_a, layout_basic, nicolae_grassy_gnolls
D:2:      layout_loops_ring, basic_altar
D:3:      layout_rooms, mainiacjoe_overflow_brackets
D:4:      layout_rooms

Skill      XL: |  1  2  3  4  5 |
---------------+----------------+-----
Air Magic      | 4 5 |  5.1
Conjurations   | 2 |  2.3
Spellcasting   | 4 5 |  5.2
Dodging        | |  2.6
Stealth        | |  2.8
Shields        | |  0.2

Action                     |  1- 3 |  4- 6 || total
---------------------------+-------+-------++-------
  Melee: Whip              |       |     8 ||     8
   Cast: Shock             |    77 |    46 ||   123
         Swiftness         |     2 |     5 ||     7
         Static Discharge  |     1 |     5 ||     6
         Airstrike         |       |     4 ||     4
 Invoke: Convert to Beogh  |       |     1 ||     1
    Use: Scroll            |       |     6 ||     6
         Potion            |       |     2 ||     2
 Armour: Robe              |     4 |    24 ||    28
  Dodge: Dodged            |     6 |    11 ||    17
  Block: Other             |     1 |     6 ||     7
         Reflection        |     1 |       ||     1

Table legend: (Time is in decaauts)
 A = Elapsed time spent in this place.
 B = Non-inter-level travel time spent in this place.
 C = Inter-level travel time spent in this place.
 D = Time resting spent in this place.
 E = Time spent auto-exploring this place.
 F = Levels seen in this place.
 G = Mean time per level.
                   A        B        C        D        E       F      G
               +--------+--------+--------+--------+--------+-----+--------+
         Total |   3452 |   3376 |     76 |      0 |   3051 |   4 |  863.0 |
       Dungeon |   3452 |   3376 |     76 |      0 |   3051 |   4 |  863.0 |
               +--------+--------+--------+--------+--------+-----+--------+

Top non-repeatable levels by time:
     D:1: 1603 daAuts
     D:2: 983 daAuts
     D:3: 800 daAuts
     D:4: 65 daAuts
